 Dungeon Crawl Stone Soup version 0.31-a0-1008-g5b978dac0e (webtiles) character file.

Game seed: 17913493248677762682

6929 Azuregosa the Summoner (level 11, -6/63 HPs)
             Began as an Octopode Artificer on Nov 12, 2023.
             Was a Follower of Sif Muna.
             Mangled by an elephant (11 damage)
             ... on level 1 of the Lair of Beasts.
             The game lasted 00:44:11 (10082 turns).

Azuregosa the Summoner (Octopode Artificer)        Turns: 10082, Time: 00:44:11

Health: -6/63      AC:  1    Str: 12    XL:     11   Next: 7%
Magic:  2/23       EV: 18    Int: 17    God:    Sif Muna [*.....]
Gold:   428        SH: 12    Dex: 13    Spells: 11/27 levels left

rFire   . . .        W - +2 long sword (flame)
rCold   . . .        S - +1 buckler {reflect}
rNeg    + . .        (helmet restricted)
rPois   .            o - amulet of reflection
rElec   .            h - +5 ring of evasion
rCorr   +            n - ring of wizardry
SInv    .            H - ring of resist corrosion
Will    .....        X - ring of positive energy
Stlth   +++          (no ring)
HPRegen 0.30/turn    (no ring)
MPRegen 0.18/turn    (no ring)
                     (no ring)

%: reflection, wizardry (x1)
@: hasted, very quick
A: almost no armour, amphibious, 8 rings, camouflage 1, gelatinous body 1,
(nimble swimmer 1), tentacles
a: Renounce Religion, Channel Magic


You were on level 1 of the Lair of Beasts.
You worshipped Sif Muna.
Sif Muna was aware of your devotion.
You visited 3 branches of the dungeon, and saw 10 of its levels.
You also visited: Sewer and Ossuary.

You collected 428 gold pieces.

Inventory:

Hand Weapons
 k - a +4 dagger of chaos
 r - a +1 long sword
 u - a +0 short sword of venom
 A - a +1 dagger of electrocution
 J - a +2 whip of flaming
 M - a +0 short sword of flaming
 N - a +1 dagger of holy wrath
 O - a +2 flail of protection
 R - a +2 short sword of venom
 W - a +2 long sword of flaming (weapon)
Missiles
 j - 56 stones
 q - 10 boomerangs
 s - 7 javelins
 I - a throwing net
 Y - 21 poisoned darts
Armour
 Q - an orb of light
 S - a +1 buckler of reflection (worn)
Magical Staves
 P - a staff of air
Jewellery
 h - a +5 ring of evasion (left tentacle)
 n - a ring of wizardry (right tentacle)
 o - an amulet of reflection (around mantle)
 F - an amulet of reflection
 G - a ring of ice
 H - a ring of resist corrosion (on tentacle)
 X - a ring of positive energy (on tentacle)
Wands
 b - a wand of flame (23) (quivered)
 c - a wand of charming (20)
 d - a wand of iceblast (5)
 y - a wand of acid (25)
 U - a wand of mindburst (10)
Scrolls
 a - a scroll of silence {unknown}
 f - 2 scrolls of poison
 l - a scroll of enchant armour
 m - a scroll of immolation
 x - a scroll of noise
 z - a scroll of vulnerability
 C - 2 scrolls of revelation {unknown}
 D - 2 scrolls of fog {unknown}
 L - 2 scrolls of blinking
 Z - a scroll of teleportation
Potions
 e - a potion of cancellation {unknown}
 g - 2 potions of lignification {unknown}
 i - a potion of attraction {unknown}
 p - a potion of berserk rage
 t - 2 potions of degeneration {unknown}
 v - 2 potions of curing {unknown}
 B - a potion of invisibility {unknown}
 E - 2 potions of magic {unknown}
 K - a potion of enlightenment {unknown}
 T - a potion of brilliance {unknown}
 V - a potion of ambrosia {unknown}


   Skills:
 - Level 1.0 Fighting
 - Level 2.3 Dodging
 - Level 1.3 Stealth
 + Level 9.1 Shields
 + Level 8.5 Spellcasting
 + Level 9.3 Summonings
 - Level 3.5 Air Magic
 - Level 4.1 Evocations


You had 11 spell levels left.
You knew the following spells:

 Your Spells              Type           Power      Damage    Failure   Level
a - Sting                 Tmut/Pois      28%        1d4       5%          1
b - Summon Small Mammal   Summ           100%       N/A       1%          1
c - Summon Hydra          Summ           19%        N/A       65%         7
d - Summon Lightning Spi  Summ/Air       29%        N/A       3%          4
e - Mephitic Cloud        Conj/Pois/Air  11%        N/A       10%         3

Your spell library contained the following spells:

 Spells                   Type           Power      Damage    Failure   Level
 Summon Guardian Golem    Hex/Summ       23%        N/A       2%          3
 Poisonous Vapours        Pois/Air       26%        N/A       3%          2
 Static Discharge         Conj/Air       26%        3-5/arc   3%          2
 Apportation              Tloc           14%        N/A       5%          1
 Necrotise                Necr           28%        1d5       5%          1
 Slow                     Hex            28%        N/A       5%          1
 Airstrike                Air            9%         2d(2-18)  12%         4
 Confusing Touch          Hex            7%         N/A       16%         3
 Sigil of Binding         Hex            7%         N/A       16%         3
 Vampiric Draining        Necr           7%         2d6       16%         3
 Brom's Barrelling Bould  Conj/Erth      7%         2d3       43%         4
 Freezing Cloud           Conj/Ice/Air   5%         6-21      61%         5
 Monstrous Menagerie      Summ           19%        N/A       65%         7
 Alistair's Intoxication  Tmut/Pois      4%         N/A       77%         5
 Fireball                 Conj/Fire      3%         3d4       77%         5
 Iskenderun's Battlesphe  Conj           7%         2d6       77%         5
 Conjure Ball Lightning   Conj/Air       6%         3x3d6     97%         6
 Spellforged Servitor     Conj/Summ      11%        N/A       99%         7
 Orb of Destruction       Conj           3%         9d5       100%        7


Dungeon Overview and Level Annotations

Branches:
Dungeon (8/15)             Temple (1/1) D:5            Lair (1/5) D:8
  Sewer (visited)         Ossuary (visited)

Altars:
Ashenzari
Cheibriados
Dithmenos
Elyvilon
Fedhas
Gozag
Hepliaklqana
Kikubaaqudgha
Makhleb
Nemelex Xobeh
Okawaru
Qazlal
Ru
Sif Muna
Trog
Uskayaw
Vehumet
Wu Jian
Xom
Yredelemnul
Zin
The Shining One


Innate Abilities, Weirdness & Mutations

You cannot wear most types of armour.
You are amphibious.
You can wear up to eight rings at the same time.
Your skin changes colour to match your surroundings (Stealth+).
Your rubbery body absorbs attacks. (AC +1, EV +1)
((You are camouflaged when in or above water. (Stealth+)))
You have tentacles for arms and can constrict up to eight enemies at once.


Message History

Confirm with . or Enter, or press ? or * to list all spells.
Aiming: Mephitic Cloud (dangerous; 10% risk of failure)
Press: ? - help, Shift-Dir - straight line, f/p - elephant
Aim: an elephant (noxious fumes, almost dead, confused, very poisoned, chance to affect: 58%)
The ball explodes into a vile cloud!
The stinking cloud engulfs the elephant but does no damage.
The elephant is almost dead.
The stinking cloud engulfs the komodo dragon but does no damage.
The komodo dragon is severely wounded.
The stinking cloud engulfs your lightning spire but does no damage.
Your lightning spire is heavily damaged.
The elephant seems less confused.
The elephant is engulfed in noxious fumes.
The elephant appears confused.
The komodo dragon bites you!!
* * * LOW HITPOINT WARNING * * *
The elephant is engulfed in noxious fumes.
The elephant appears confused.
You feel yourself speed up. You block the komodo dragon's attack.
Your lightning spire shoots out a bolt of lightning at the komodo dragon!
The bolt of electricity hits the elephant!
The elephant dies!
Sif Muna accepts your kill.
The bolt of electricity hits the komodo dragon!
The komodo dragon dies!
Sif Muna accepts your kill.
Your Shields skill increases to level 9!
You have reached level 11!
A cane toad is nearby!
Aiming: Charm
Press: ? - help, Shift-Dir - straight line, f - elephant
Aim: an elephant (lightly wounded, chance to affect: 25%)
The elephant resists with almost no effort.
Aiming: Corrosive Bolt
Press: ? - help, Shift-Dir - straight line, f/p - elephant
Aim: an elephant (lightly wounded, 100% to hit)
The bolt of acid hits the elephant!!
The acid corrodes the elephant!
The elephant is moderately wounded.
The elephant closely misses you. The elephant barely misses you.
The elephant attacks as it pursues you! The elephant tramples you!
You die...

...... ....## #.#..
#.#..# ##.#.# #.#..#
#.####....######...#
............>.#....#
..P###.#..Y.......#
##..####†......#
...#...####.Y###..#
........F....@###P.##
#...###.##.##.......#
##.# #..#.##.##...##
#. #..<.........# F
#####P#.##P)##
###.###.# #..# #.#
#.## #.# #.# #.#


You could see 2 elephants and a cane toad.

Vanquished Creatures
  Pikel (D:5)
  Joseph (D:8)
  Maggie (D:8)
  Psyche (D:8)
  Prince Ribbit (D:5)
  Grinder (D:5)
  2 yaks (D:8)
  A steam dragon (D:8)
  Edmund (D:5)
  3 water moccasins (D:7)
  2 black bears (D:7)
  A sky beast (D:6)
  A centaur (D:8)
  An ogre (D:6)
  4 lemures
  A kobold brigand (D:7)
  An elf zombie (Ossuary)
  3 bullfrogs (D:7)
  A gnoll sergeant (D:8)
  2 scorpions
  2 centaur zombies (Ossuary)
  3 jellies
  A gnoll bouda (D:3)
  2 orc priests
  2 hounds (D:6)
  2 iguanas
  Natasha (twice) (D:3)
  4 orc wizards
  2 mummies (Ossuary)
  6 gnolls
  7 adders
  5 river rats
  2 ufetubi (D:5)
  2 adder zombies (Ossuary)
  2 worms
  3 dart slugs
  6 orcs
  5 bats
  6 endoplasms
  4 giant cockroaches
  7 goblins
  5 hobgoblins
  A quokka (D:3)
  7 ball pythons
  12 frilled lizards
  9 hobgoblin zombies (Ossuary)
  2 jackal zombies (Ossuary)
  10 kobolds
  14 kobold zombies (Ossuary)
  5 orc zombies (Ossuary)
  7 rats
  2 rat zombies (Ossuary)
  2 butterflies (D:5)
181 creatures vanquished.

Vanquished Creatures (collateral kills)
  2 elephants
  A black mamba (Lair:1)
  A komodo dragon (Lair:1)
  A yak (D:8)
  A wyvern (D:8)
  2 steam dragons
  Menkaure (D:7)
  An orc warrior (D:7)
  An ice beast (D:7)
  A black bear (D:6)
  2 centaurs
  A kobold brigand (D:7)
  A lava snake (D:8)
  2 orc priests
  An orc wizard (D:7)
  A gnoll (D:8)
  2 white imps (D:7)
  3 orcs
  A kobold (D:7)
26 creatures vanquished.

Grand Total: 207 creatures vanquished

Notes
Turn   | Place    | Note
-------+----------+-------------------------------------------
     0 | D:1      | Azuregosa the Octopode Artificer began the quest for the
                  | Orb.
     0 | D:1      | Reached XP level 1. HP: 13/13 MP: 1/1
     2 | D:1      | Got Hyusetiz's Incunable of the Variable Throng
    90 | D:1      | Reached XP level 2. HP: 11/18 MP: 2/2
   119 | D:1      | Learned a level 1 spell: Sting
   574 | D:1      | Reached skill level 1 in Shields
   576 | D:1      | Reached XP level 3. HP: 23/23 MP: 1/3
   590 | D:1      | Learned a level 1 spell: Summon Small Mammal
  1072 | D:2      | Found a burning altar of Makhleb.
  1292 | D:2      | Found a faded altar of an unknown god.
  1624 | D:3      | Reached XP level 4. HP: 28/28 MP: 4/4
  1658 | D:3      | Noticed Natasha
  1663 | D:3      | Killed Natasha
  1756 | D:3      | Noticed Natasha
  1763 | D:3      | Killed Natasha
  1793 | D:3      | Reached XP level 5. HP: 33/33 MP: 5/5
  1844 | D:3      | Found a glowing drain.
  1867 | Sewer    | Entered a sewer
  2854 | D:4      | Reached skill level 5 in Shields
  2854 | D:4      | Reached XP level 6. HP: 23/38 MP: 6/6
  2924 | D:4      | Found a sand-covered staircase.
  2950 | Ossuary  | Entered an ossuary
  3404 | Ossuary  | Reached skill level 1 in Spellcasting
  3404 | Ossuary  | Reached XP level 7. HP: 37/43 MP: 6/8
  3545 | D:4      | Reached skill level 1 in Summonings
  4107 | D:5      | Entered Level 5 of the Dungeon
  4110 | D:5      | Noticed Pikel
  4131 | D:5      | Noticed Prince Ribbit
  4273 | D:5      | Killed Prince Ribbit
  4337 | D:5      | Killed Pikel
  4338 | D:5      | Reached skill level 5 in Summonings
  4338 | D:5      | Reached XP level 8. HP: 12/48 MP: 11/14
  4478 | D:5      | Learned a level 7 spell: Summon Hydra
  4636 | D:5      | Noticed Grinder
  4646 | D:5      | Killed Grinder
  4647 | D:5      | Reached skill level 5 in Spellcasting
  5083 | D:5      | Found a staircase to the Ecumenical Temple.
  5100 | Temple   | Entered the Ecumenical Temple
  5123 | Temple   | Became a worshipper of Sif Muna the Loreminder
  5248 | D:5      | Noticed Edmund
  5270 | D:5      | HP: 1/48 [Edmund/+2 flail of protection (8)]
  5274 | D:5      | Killed Edmund
  5275 | D:5      | Reached XP level 9. HP: 24/53 MP: 15/17
  5382 | D:5      | Learned a level 4 spell: Summon Lightning Spire
  5739 | D:6      | Reached skill level 1 in Air Magic
  6695 | D:7      | Noticed Menkaure
  6744 | D:7      | Killed Menkaure
  6904 | D:7      | Learned a level 3 spell: Mephitic Cloud
  7140 | D:6      | HP: 2/53 [something (5)]
  7847 | D:8      | Noticed Maggie
  7847 | D:8      | Noticed an elephant
  7858 | D:8      | Reached XP level 10. HP: 58/58 MP: 6/20
  7867 | D:8      | Noticed Joseph
  7870 | D:8      | Killed Maggie
  8745 | D:8      | Found a burning altar of Makhleb.
  8758 | D:8      | Found a white marble altar of Elyvilon.
  8892 | D:8      | Noticed Psyche
  8929 | D:8      | Killed Psyche
  9078 | D:8      | Reached * piety under Sif Muna
  9268 | D:8      | Killed Joseph
  9420 | D:8      | Found a staircase to the Lair.
  9628 | D:8      | Killed an elephant
 10014 | D:13     | Identified the "Ivasep"
 10014 | D:15     | Identified the "Sufroh"
 10014 | Lair:1   | Entered Level 1 of the Lair of Beasts
 10038 | Lair:1   | Noticed an elephant
 10038 | Lair:1   | Noticed an elephant
 10038 | Lair:1   | Noticed a black mamba
 10038 | Lair:1   | Noticed an elephant
 10042 | Lair:1   | Noticed a cane toad
 10059 | Lair:1   | Killed a black mamba
 10069 | Lair:1   | HP: 2/58 [komodo dragon (20)]
 10072 | Lair:1   | Killed an elephant
 10073 | Lair:1   | Reached XP level 11. HP: 3/63 MP: 1/23
 10082 | Lair:1   | Mangled by an elephant

Illustrated notes

Levels and vault maps discovered:
D:1:      lemuel_arrival_behind_the_door_small, layout_loops_corners,
          minmay_misc_feat_room
D:2:      layout_basic, ebering_ecumenical_altar_sacrificial, basic_altar
D:3:      layout_loops_ring, portal_sewer_entry_a, uniq_natasha
D:4:      layout_loops_ring, nicolae_ossuary_entry_ruins, bh_walls_and_bars
D:5:      layout_loops_ring, minmay_temple_entry_butterflies, uniq_pikel,
          uniq_edmund, uniq_prince_ribbit1, uniq_grinder
D:6:      layout_loops_ring, fountainhead, nicolae_zig_zag_zippers
D:7:      layout_basic, uniq_menkaure
D:8:      layout_basic, mainiacjoe_overflow_catch_the_wave, david_lair_generic,
          uniq_joseph, uniq_psyche, uniq_maggie
Temple:   mainiacjoe_temple_big_plus
Lair:1:   layout_loops_ring

Skill      XL: |  1  2  3  4  5  6  7  8  9 10 |
---------------+-------------------------------+-----
Evocations     | 4 |  4.1
Shields        | 1 2 3 5 6 7 9 |  9.1
Spellcasting   | 1 4 5 6 8 |  8.5
Summonings     | 5 6 7 9 |  9.3
Air Magic      | 3 |  3.5
Fighting       | |  1.0
Dodging        | |  2.3
Stealth        | |  1.3

Action                     |  1- 3 |  4- 6 |  7- 9 | 10-12 || total
---------------------------+-------+-------+-------+-------++-------
  Melee: Club              |    77 |       |       |       ||    77
         Constrict         |    24 |    51 |    38 |    15 ||   128
         Tentacles         |    15 |    34 |    43 |    24 ||   116
         Long sword        |     1 |   182 |   163 |    77 ||   423
         Punch             |       |     4 |     3 |       ||     7
         Unarmed           |       |       |       |    33 ||    33
   Cast: Sting             |     5 |     1 |    20 |    26 ||    52
         Summon Small Mamm |       |     1 |     4 |     6 ||    11
         Summon Lightning  |       |       |    11 |    14 ||    25
         Mephitic Cloud    |       |       |     2 |     9 ||    11
  Evoke: Wand              |       |       |     5 |     7 ||    12
    Use: Scroll            |       |     8 |     3 |       ||    11
         Potion            |       |     1 |     4 |     2 ||     7
   Stab: Sleeping          |    10 |    17 |     9 |       ||    36
         Confused          |       |       |       |     1 ||     1
 Armour: Skin              |    26 |    52 |    80 |    64 ||   222
  Dodge: Dodged            |    54 |   126 |   158 |    93 ||   431
  Block: Buckler           |     8 |    64 |   114 |    47 ||   233
         Reflection        |       |       |     6 |     7 ||    13
         Other             |       |       |     3 |     5 ||     8

Table legend: (Time is in decaauts)
 A = Elapsed time spent in this place.
 B = Non-inter-level travel time spent in this place.
 C = Inter-level travel time spent in this place.
 D = Time resting spent in this place.
 E = Time spent auto-exploring this place.
 F = Levels seen in this place.
 G = Mean time per level.
                   A        B        C        D        E       F      G
               +--------+--------+--------+--------+--------+-----+--------+
         Total |  10250 |   9992 |    258 |   2985 |   4280 |  12 |  854.2 |
       Dungeon |   9020 |   8785 |    235 |   2565 |   4084 |   8 | 1127.5 |
        Temple |     45 |     23 |     22 |      0 |      0 |   1 |   45.0 |
          Lair |     65 |     65 |      0 |      0 |      1 |   1 |   65.0 |
         Sewer |    602 |    602 |      0 |    180 |    175 |   1 |  602.0 |
       Ossuary |    517 |    517 |      0 |    240 |     20 |   1 |  517.0 |
               +--------+--------+--------+--------+--------+-----+--------+

Top non-repeatable levels by time:
     D:8: 1518 daAuts
     D:5: 1497 daAuts
     D:6: 1459 daAuts
     D:7: 1265 daAuts
     D:4: 993 daAuts
     D:1: 975 daAuts
     D:3: 788 daAuts
   Sewer: 602 daAuts
     D:2: 523 daAuts
 Ossuary: 517 daAuts
  Lair:1: 65 daAuts
  Temple: 45 daAuts
